 Dungeon Crawl Stone Soup version 0.30-a0-802-gb92711bcdf (webtiles) character file.

Game seed: 13573423063481152943

114 Pimp the Covered (level 4, 0/41 HPs)
             Began as a Minotaur Fighter on Feb 24, 2023.
             Slain by an iguana (12 damage)
             ... on level 3 of the Dungeon.
             The game lasted 00:02:57 (2199 turns).

Pimp the Covered (Minotaur Fighter)                 Turns: 2199, Time: 00:02:58

Health: 0/41       AC:  7    Str: 23    XL:     4   Next: 66%
Magic:  3/3        EV:  9    Int:  5    God:
Gold:   120        SH:  6    Dex:  9    Spells: 3/3 levels left

rFire   + . .      SeeInvis .    a - +0 war axe
rCold   . . .      Faith    .    j - +2 buckler
rNeg    . . .      Spirit   .    b - +0 scale mail
rPois   .          Reflect  .    (helmet restricted)
rElec   .          Harm     .    (no cloak)
rCorr   +          Rampage  .    (no gloves)
Will    .....                    (no boots) Stlth
                                 (no amulet)
HPRegen 0.26/turn                i - ring of resist corrosion
MPRegen 0.08/turn                q - ring of protection from fire

@: no status effects
A: horns 2, retaliatory headbutt
a: no special abilities


You were on level 3 of the Dungeon.
You visited 1 branch of the dungeon, and saw 3 of its levels.

You collected 120 gold pieces.

Inventory:

Hand Weapons
 a - a +0 war axe (weapon)
Missiles
 l - 2 boomerangs (quivered)
 o - 4 curare-tipped darts
Armour
 b - a +0 scale mail (worn)
 c - a +0 buckler
 j - a +2 buckler (worn)
Jewellery
 i - a ring of resist corrosion (left hand)
 q - a ring of protection from fire (right hand)
 r - a ring of positive energy
Scrolls
 e - a scroll of acquirement {unknown}
 f - a scroll of magic mapping {unknown}
 m - a scroll of teleportation {unknown}
 p - a scroll of blinking {unknown}
Potions
 d - a potion of might
 g - 2 potions of invisibility {unknown}
 h - 4 potions of brilliance {unknown}
 k - 2 potions of flight {unknown}
 n - a potion of magic {unknown}


   Skills:
 + Level 4.4 Fighting
 + Level 3.5 Axes
 + Level 4.4 Armour
 + Level 1.1 Dodging
 + Level 4.4 Shields


You had 3 spell levels left.
You didn't know any spells.
Your spell library was empty.

Dungeon Overview and Level Annotations

Branches:
Dungeon (3/15)

Altars:
Uskayaw
Wu Jian


Innate Abilities, Weirdness & Mutations

You have a pair of horns on your head.
You reflexively headbutt those who attack you in melee.


Message History

You closely miss the orc.
The orc is severely wounded.
You closely miss the orc.
The orc hits you with a +1 mace of holy wrath.
The orc closely misses you. The orc barely misses you.
The orc hits you with a +1 dagger of speed.
You completely miss the orc.
The orc is severely wounded.
You barely miss the orc. You block the orc's attack.
The orc closely misses you. You furiously retaliate!
You headbutt the orc!
You kill the orc!
The orc hits you with a +1 dagger of speed.
The orc closely misses you.
Things that are here:
a +1 mace of holy wrath; a +0 club; an orc corpse The orc hits you with a +1 dagger of speed.
The orc hits you but does no damage. The orc closely misses you.
The orc hits you but does no damage. The orc hits you but does no damage.
The orc barely misses you. You furiously retaliate!
You headbutt the orc!
You kill the orc!
Things that are here:
a +1 dagger of speed; a +0 leather armour; an orc corpse You open the door.
There is an open door here.
An iguana comes into view.
The iguana hisses angrily.
You block the iguana's attack.
You hit the iguana but do no damage. The iguana bites you!
You closely miss the iguana. The iguana barely misses you.
The iguana bites you!
You hit the iguana.
The iguana is lightly wounded.
The iguana bites you!
* * * LOW HITPOINT WARNING * * *
You barely miss the iguana.
The iguana is lightly wounded.
The iguana bites you but does no damage.
The iguana bites you!
You die...

#................
#..######.#'#####
#.....# #.#'##
#..##.# #....#
#.....# #....#
####### #....#
#....# #####
#....# #.@.#
#....# #.#l#
#....# #.#...
...... #.#####
#.# #.# #.# #####
#.# #...# #.#
#...#


You could see an iguana.

Vanquished Creatures
  6 adders
  A dart slug (D:2)
  3 orcs (D:3)
  8 bats
  5 endoplasms
  5 goblins
  5 hobgoblins
  3 jackals (D:2)
  2 quokkas (D:2)
  3 ball pythons (D:1)
  3 frilled lizards
  4 kobolds
  8 rats
56 creatures vanquished.

Notes
Turn   | Place    | Note
-------+----------+-------------------------------------------
     0 | D:1      | Pimp the Minotaur Fighter began the quest for the Orb.
     0 | D:1      | Reached XP level 1. HP: 19/19 MP: 0/0
    22 | D:1      | You fall into a shaft and drop 1 floor!
   241 | D:2      | Reached XP level 2. HP: 25/27 MP: 1/1
   443 | D:2      | Reached XP level 3. HP: 29/33 MP: 2/2
   490 | D:2      | Found a hide-covered altar of Uskayaw.
  1061 | D:1      | Reached XP level 4. HP: 40/40 MP: 3/3
  1075 | D:1      | Found a faded altar of an unknown god.
  1724 | D:3      | Reached skill level 1 in Dodging
  1967 | D:3      | Found an ornate altar of the Wu Jian Council.
  2199 | D:3      | Slain by an iguana

Illustrated notes

Levels and vault maps discovered:
D:1:      dpeg_arrival_castle, layout_basic, shapermc_ecumenical_altar_petra
D:2:      layout_basic, basic_altar, hangedman_decor_push
D:3:      layout_basic, nicolae_wu_jian_immortal_techniques

Skill      XL: |  1  2  3  4 |
---------------+-------------+-----
Armour         | 4 |  4.4
Shields        | 4 |  4.4
Fighting       | 4 |  4.4
Axes           | 3 |  3.5
Dodging        | 1 |  1.1

Action                     |  1- 3 |  4- 6 || total
---------------------------+-------+-------++-------
  Melee: War axe           |    71 |    51 ||   122
         Headbutt          |     2 |     2 ||     4
 Armour: Scale mail        |    43 |    36 ||    79
  Dodge: Dodged            |    34 |    36 ||    70
  Block: Buckler           |    23 |    31 ||    54

Table legend: (Time is in decaauts)
 A = Elapsed time spent in this place.
 B = Non-inter-level travel time spent in this place.
 C = Inter-level travel time spent in this place.
 D = Time resting spent in this place.
 E = Time spent auto-exploring this place.
 F = Levels seen in this place.
 G = Mean time per level.
                   A        B        C        D        E       F      G
               +--------+--------+--------+--------+--------+-----+--------+
         Total |   2249 |   2145 |    104 |     28 |   1664 |   3 |  749.7 |
       Dungeon |   2249 |   2145 |    104 |     28 |   1664 |   3 |  749.7 |
               +--------+--------+--------+--------+--------+-----+--------+

Top non-repeatable levels by time:
     D:1: 766 daAuts
     D:2: 753 daAuts
     D:3: 729 daAuts
